 Dungeon Crawl Stone Soup version 0.29-a0-321-gf1c400731a (webtiles) character file.

Game seed: 5201652173446696491

4 Hubjo the Skirmisher (level 1, 0/18 HPs)
             Began as a Demonspawn Monk on Apr 4, 2022.
             Slain by a kobold
             ... wielding a +0 whip
              (3 damage)
             ... on level 1 of the Dungeon.
             The game lasted 00:00:14 (154 turns).

Hubjo the Skirmisher (Demonspawn Monk)               Turns: 154, Time: 00:00:15

Health: 0/18       AC:  2    Str: 11    XL:     1   Next: 50%
Magic:  1/1        EV: 12    Int: 11    God:
Gold:   3          SH:  0    Dex: 15    Spells: 0/0 levels left

rFire   . . .      SeeInvis .   a - +0 short sword
rCold   . . .      Faith    .   (no shield)
rNeg    . . .      Spirit   .   b - +0 robe
rPois   .          Reflect  .   (no helmet)
rElec   .          Harm     .   (no cloak)
rCorr   .          Rampage  .   (no gloves)
Will    .....                   (no boots)
Stlth   ++........              (no amulet)
HPRegen 0.06/turn               (no ring)
MPRegen 0.07/turn               (no ring)

@: no status effects
A: no striking features
a: no special abilities


You were on level 1 of the Dungeon.
You visited 1 branch of the dungeon, and saw 1 of its levels.

You collected 3 gold pieces.

Inventory:

Hand Weapons
 a - a +0 short sword (weapon)
 d - a +0 dagger of venom
Armour
 b - a +0 robe (worn)
Potions
 c - a potion of ambrosia


   Skills:
 * Level 3.1 Fighting
 - Level 2.6 Short Blades
 - Level 2.6 Dodging
 * Level 2.0 Stealth
 + Level 0.2 Spellcasting


You couldn't memorise any spells.
You didn't know any spells.
Your spell library was empty.

Dungeon Overview and Level Annotations

Branches:
Dungeon (1/15)

Altars:


Message History

A frilled lizard comes into view.
The kobold completely misses you.
The goblin hits you with a +0 dagger of venom.
You are poisoned.
The frilled lizard hisses angrily.
You hit the goblin.
You kill the goblin!
You feel sick. The kobold hits you with a +0 club.
You miss the kobold.
You feel sick.
A kobold comes into view. It is wielding a +0 whip.
The kobold barely misses you.
You hit the kobold. You punch the kobold.
You kill the kobold!
You feel sick.
Your Stealth skill increases to level 2!
You feel sick. The frilled lizard bites you.
Things that are here:
a +0 club; a kobold corpse You are too injured to fight recklessly!
You are too injured to fight recklessly!
You are too injured to fight recklessly!
You are too injured to fight recklessly!
You are too injured to fight recklessly!
You are too injured to fight recklessly!
You are too injured to fight recklessly!
You are too injured to fight recklessly!
You are too injured to fight recklessly!
You feel sick.
The frilled lizard unfolds its giant frill.
The frilled lizard bites you.
You see here a +0 dagger of venom.
d - a +0 dagger of venom You feel sick.
The frilled lizard closely misses you.
You feel sick.
You are no longer poisoned.
The kobold hits you with a +0 whip.
* * * LOW HITPOINT WARNING * * *
The frilled lizard barely misses you.
You closely miss the frilled lizard. The kobold hits you with a +0 whip.
You die...

#.# .# # #.##.#
#. #..#.#
#.#####....####
..............
#.####.#.....$.#
#.....K@......#
.......l)....##
#..###.#..#.##
#.# # #.#..#.#
#.# #...
..#..#.# ## #>#
#..#####..#.# .#
#.# #..# #..#.##
.# #.# #..#
#.....## .###.#
#..#
#...#..#####.#


You could see a kobold and a frilled lizard.

Vanquished Creatures
  A goblin (D:1)
  A hobgoblin (D:1)
  A kobold (D:1)
3 creatures vanquished.

Notes
Turn   | Place    | Note
-------+----------+-------------------------------------------
     0 | D:1      | Hubjo the Demonspawn Monk began the quest for the Orb.
     0 | D:1      | Reached XP level 1. HP: 18/18 MP: 1/1
   154 | D:1      | Slain by a kobold

Illustrated notes

Levels and vault maps discovered:
D:1:      amcnicky_arrival_single_pillar, layout_loops_ring

Skill      XL: |  1 |
---------------+----+-----
Stealth        | 2 |  2.0
Fighting       | |  3.1
Short Blades   | |  2.6
Dodging        | |  2.6
Spellcasting   | |  0.2

Action                   || total
-------------------------++-------
Melee: Short sword       ||    15
       Punch             ||     1
Armor: Robe              ||     2
Dodge: Dodged            ||     8

Table legend: (Time is in decaauts)
 A = Elapsed time spent in this place.
 B = Non-inter-level travel time spent in this place.
 C = Inter-level travel time spent in this place.
 D = Time resting spent in this place.
 E = Time spent auto-exploring this place.
 F = Levels seen in this place.
 G = Mean time per level.
                   A        B        C        D        E       F      G
               +--------+--------+--------+--------+--------+-----+--------+
         Total |    153 |    153 |      0 |      0 |    124 |   1 |  153.0 |
       Dungeon |    153 |    153 |      0 |      0 |    124 |   1 |  153.0 |
               +--------+--------+--------+--------+--------+-----+--------+

Top non-repeatable levels by time:
     D:1: 153 daAuts
